 Dungeon Crawl Stone Soup version 0.24.0-1-gfbc8707122 (webtiles) character file.

Game seed: 9780473032987592515, levelgen mode: deterministic

280 Arum the Shield-Bearer (level 6, -6/51 HPs)
             Began as a Formicid Fighter on Oct 27, 2019.
             Was an Initiate of Gozag.
             Mangled by a wraith (8 damage)
             ... in an ossuary.
             The game lasted 00:04:36 (2911 turns).

Arum the Shield-Bearer (Formicid Fighter)           Turns: 2911, Time: 00:04:38

Health: -6/51      AC:  9    Str: 22    XL:     6   Next: 52%
Magic:  15/15      EV:  8    Int:  8    God:    Gozag
Gold:   308        SH: 10    Dex: 10    Spells: 5/5 levels left

rFire    + . .     SeeInvis +   a - +0 quarterstaff
rCold    . . .     Gourm    .   c - +0 shield
rNeg     . . .     Faith    .   b - +0 scale mail
rPois    .         Spirit   .   (helmet unavailable)
rElec    .         Reflect  .   r - +0 cloak
rCorr    .         Harm     .   (no gloves)
MR       .....                  k - +0 pair of boots
Stlth    ..........             (no amulet)
HPRegen  0.17/turn              m - ring of magical power
MPRegen  0.14/turn              v - ring of protection from fire

@: no status effects
A: permanent stasis, dig shafts and tunnels, four strong arms, antennae 3
a: Dig, Shaft Self, Potion Petition, Call Merchant, Bribe Branch, Renounce
Religion


You were in an ossuary.
You worshipped Gozag.
Gozag was aware of your devotion.
You were hungry.

You visited 1 branch of the dungeon, and saw 4 of its levels.
You also visited: Ossuary.

You collected 339 gold pieces.
You paid 31 gold pieces to Gozag.

Inventory:

Hand Weapons
 a - a +0 quarterstaff (weapon)
Armour
 b - a +0 scale mail (worn)
 c - a +0 shield (worn)
 k - a +0 pair of boots (worn)
 r - a +0 cloak (worn)
Jewellery
 l - an uncursed ring of ice
 m - a ring of magical power (left hand)
 n - an uncursed ring of magical power
 v - a ring of protection from fire (right hand)
Wands
 x - a wand of iceblast (12)
Scrolls
 g - 2 scrolls of identify {unknown}
 h - a scroll of enchant armour {unknown}
 i - 3 scrolls of fog {unknown}
 j - 5 scrolls of remove curse {unknown}
 p - 3 scrolls of immolation {unknown}
 t - a scroll of teleportation {unknown}
 w - a scroll of noise {unknown}
 y - a scroll of fear {unknown}
Potions
 d - 2 potions of might
 e - 5 potions of curing {unknown}
 o - 8 potions of haste {unknown}
 q - a potion of heal wounds {unknown}
 s - a potion of degeneration {unknown}
 u - a potion of lignification {unknown}
 z - a potion of agility {unknown}
Comestibles
 f - 6 rations


   Skills:
 + Level 5.1 Fighting
 + Level 3.9 Staves
 - Level 3.2 Armour
 + Level 5.5 Shields


You had 5 spell levels left.
You didn't know any spells.
Your spell library was empty.

Dungeon Overview and Level Annotations

Branches:
Dungeon (4/15)            Ossuary (1/1)
 Temple: D:4-7

Altars:
Dithmenos
Gozag
Qazlal


Innate Abilities, Weirdness & Mutations

You cannot be hasted, slowed, berserked, paralysed or teleported.
You can dig through walls and to a lower floor.
Your four strong arms can wield two-handed weapons with a shield.
You have a pair of large antennae on your head. (SInv)


Message History

You block the wraith's attack.
You closely miss the wraith.
The wraith is severely damaged.
You block the wraith's attack.
You closely miss the wraith.
The wraith is severely damaged.
The wraith closely misses you.
You closely miss the wraith.
The wraith is severely damaged.
The wraith hits you.
* * * LOW HITPOINT WARNING * * *
You hit the wraith.
The wraith is severely damaged.
The wraith hits you!
* * * LOW HITPOINT WARNING * * *
The wraith drains your vigour!
Your stasis prevents you from being slowed.
The wraith hits you!
You die...
Your body crumbles into a pile of gold.

#.###..###..###.#
#...............#
##.###.......###.#
.'.#{#.......#z#.#
##.###.......###.#
#...............#
#.###..###..###.#
#.#{#..#{#..#.#.#
#.+##..###..##W@#
#...............#
################


You could see a wraith and a flying skull.

Vanquished Creatures
  A centaur (D:4)
  2 orc wizards (D:2)
  An adder (D:2)
  3 gnolls (D:3)
  2 adder zombies (Ossuary)
  4 worms
  5 dart slugs
  2 leopard geckos (D:1)
  2 orcs
  8 bats
  4 giant cockroaches
  5 goblins
  8 hobgoblins
  4 jackals
  5 kobolds
  2 quokkas (D:2)
  A ball python skeleton (Ossuary)
  9 frilled lizards
  2 hobgoblin skeletons (Ossuary)
  A hobgoblin zombie (Ossuary)
  2 orc skeletons (Ossuary)
  2 orc zombies (Ossuary)
  8 rats
  A rat zombie (D:4)
84 creatures vanquished.

Notes
Turn   | Place    | Note
-------+----------+-------------------------------------------
     0 | D:1      | Arum the Formicid Fighter began the quest for the Orb.
     0 | D:1      | Reached XP level 1. HP: 18/18 MP: 1/1
    86 | D:1      | Reached XP level 2. HP: 20/24 MP: 2/2
   360 | D:1      | Reached XP level 3. HP: 30/30 MP: 3/3
   766 | D:2      | Reached XP level 4. HP: 24/37 MP: 4/4
  1562 | D:3      | Found a stormy altar of Qazlal.
  1564 | D:3      | Found a shadowy altar of Dithmenos.
  1589 | D:3      | Reached XP level 5. HP: 36/43 MP: 5/5
  1604 | D:3      | Found an opulent altar of Gozag.
  1617 | D:3      | Became a worshipper of Gozag Ym Sagoz the Greedy
  1955 | D:2      | Reached skill level 5 in Shields
  2349 | D:3      | Found a faded altar of an unknown god.
  2679 | D:4      | Found a sand-covered staircase.
  2679 | D:4      | Noticed a centaur
  2685 | D:4      | Killed a centaur
  2685 | D:4      | Reached skill level 5 in Fighting
  2685 | D:4      | Reached XP level 6. HP: 38/51 MP: 6/6
  2724 | Ossuary  | Entered an ossuary
  2847 | Ossuary  | Noticed a flying skull
  2847 | Ossuary  | Noticed a wraith
  2888 | Ossuary  | Noticed a flying skull
  2889 | Ossuary  | Noticed a wraith
  2911 | Ossuary  | HP: 2/51 [wraith (10)]
  2911 | Ossuary  | Mangled by a wraith

Levels and vault maps discovered:
D:1:      minmay_arrival_diagonal_passages, layout_basic,
          chequers_serial_rivers_marsh
D:2:      layout_basic, first_ration
D:3:      layout_rooms, grunt_temple_overflow_open,
          chequers_ecumenical_altar_island
D:4:      layout_rooms, kennysheep_mini_moat, enter_ossuary_3
Ossuary:  ossuary_due_cavern

Skill      XL: |  1  2  3  4  5 |
---------------+----------------+-----
Shields        | 4 5 |  5.5
Fighting       | 4 5 |  5.1
Staves         | 3 |  3.9
Armour         | |  3.2

Action                   |  1- 3 |  4- 6 || total
-------------------------+-------+-------++-------
Melee: Quarterstaff      |    97 |   188 ||   285
 Abil: Dig               |       |     2 ||     2
  Eat: Chunk             |       |     3 ||     3
       Ration            |       |     1 ||     1
Armor: Scale mail        |    54 |    69 ||   123
Dodge: Dodged            |    23 |    59 ||    82
Block: Shield            |    67 |   101 ||   168
